 Dungeon Crawl Stone Soup version 0.30.0-29-ga12c61a403 (webtiles) character file.

Game seed: 849938366194197794

107 cheesebisquit the Chopper (level 4, -4/41 HPs)
             Began as a Hill Orc Fighter on June 23, 2023.
             Killed from afar by Ijyb (15 damage)
             ... with a bolt of acid
             ... on level 3 of the Dungeon.
             The game lasted 00:03:38 (1681 turns).

cheesebisquit the Chopper (Hill Orc Fighter)        Turns: 1681, Time: 00:03:39

Health: -4/41      AC:  6    Str: 20    XL:     4   Next: 86%
Magic:  4/4        EV: 12    Int:  8    God:
Gold:   155        SH:  4    Dex: 10    Spells: 3/3 levels left

rFire   . . .        a - +0 war axe
rCold   . . .        c - +0 buckler
rNeg    . . .        j - +0 chain mail
rPois   .            h - +0 helmet
rElec   .            (no cloak)
rCorr   .            (no gloves)
SInv    .            (no boots)
Will    .....        (no amulet) Stlth
                     e - +5 ring of evasion
HPRegen 0.26/turn    (no ring)
MPRegen 0.09/turn

%: no passive effects
@: mighty, corroded
A: no striking features
a: no special abilities


You were on level 3 of the Dungeon.
You visited 1 branch of the dungeon, and saw 3 of its levels.

You collected 155 gold pieces.

Inventory:

Hand Weapons
 a - a +0 war axe (weapon)
Armour
 c - a +0 buckler (worn)
 h - a +0 helmet (worn)
 j - a +0 chain mail (worn)
Jewellery
 e - a +5 ring of evasion (left hand)
 f - a ring of fire
Wands
 p - a wand of polymorph (5)
Scrolls
 b - 2 scrolls of fog {unknown}
 i - a scroll of magic mapping {unknown}
 k - a scroll of teleportation {unknown}
 m - a scroll of amnesia {unknown}
 q - a scroll of fear {unknown}
 r - a scroll of identify {unknown}
 s - a scroll of blinking {unknown}
Potions
 g - a potion of haste {unknown}
 l - 2 potions of ambrosia {unknown}
 n - a potion of heal wounds {unknown}
 o - 2 potions of brilliance
 t - a potion of curing
 u - a potion of invisibility {unknown}


   Skills:
 + Level 4.5 Fighting
 * Level 4.9 Axes
 + Level 4.1 Armour
 - Level 3.2 Shields


You had 3 spell levels left.
You didn't know any spells.
Your spell library contained the following spells:

 Spells                   Type           Power      Damage    Failure   Level
 Freeze                   Ice            0%         1d3       99%         1
 Frozen Ramparts          Ice            0%         1d1       100%        3
 Hailstorm                Conj/Ice       0%         3d3       100%        3


Dungeon Overview and Level Annotations

Branches:
Dungeon (3/15)

Altars:
Gozag

Annotations:
D:3 1 runed translucent door, BONEBRO's ghost, amateur AtHW; Ijyb


Message History

Ijyb hits you with a +0 club.
You hit Ijyb but do no damage. Ijyb hits you with a +0 club.
You hit Ijyb.
Ijyb is moderately wounded.
Ijyb hits you with a +0 club.
You barely miss Ijyb.
Ijyb is moderately wounded.
Ijyb closely misses you. Ijyb hits you but does no damage.
You slash Ijyb!
Ijyb is almost dead.
Ijyb hits you but does no damage.
You barely miss Ijyb.
Ijyb is almost dead.
Ijyb screams, "Get away!"
Ijyb drinks a potion.
Ijyb is healed!
You barely miss Ijyb.
Ijyb is heavily wounded.
Ijyb closely misses you.
You hit Ijyb but do no damage.
Ijyb is heavily wounded.
Ijyb hits you but does no damage.
Ijyb zaps a wand.
The bolt of acid hits you.
You barely miss Ijyb.
Ijyb is heavily wounded.
Ijyb zaps a wand.
The bolt of acid hits you! The acid corrodes you!
You are too injured to fight recklessly!
You hit Ijyb but do no damage.
Ijyb is heavily wounded.
Ijyb hits you with a +0 club.
You closely miss Ijyb.
Ijyb is heavily wounded.
Ijyb hits you with a +0 club.
Ijyb screams, "You nasty!
Big nasty!"
Ijyb hits you but does no damage.
You feel very mighty all of a sudden. Ijyb hits you with a +0 club.
* * * LOW HITPOINT WARNING * * *
You closely miss Ijyb.
Ijyb is heavily wounded.
Ijyb zaps a wand.
The bolt of acid hits you!
You die...

####### #.....#
#.....# #.!...#
#.....#
####.....######
......g........ #@#
#######.## .
.........#
#.##############..#
..............#...#
.......######.#<..#
.......######.#..(#
...r>.<#....#.#...#
............#.....#


You could see Ijyb.

Vanquished Creatures
  Jessica (D:3)
  3 adders (D:2)
  A worm (D:2)
  A dart slug (D:1)
  3 ball pythons
  3 endoplasms
  2 giant cockroaches
  6 goblins
  2 hobgoblins
  8 kobolds
  4 quokkas
  7 bats
  2 frilled lizards
  6 rats
49 creatures vanquished.

Notes
Turn   | Place    | Note
-------+----------+-------------------------------------------
     0 | D:1      | cheesebisquit the Hill Orc Fighter began the quest for the
                  | Orb.
     0 | D:1      | Reached XP level 1. HP: 19/19 MP: 1/1
    46 | D:1      | Reached XP level 2. HP: 27/27 MP: 2/2
   389 | D:1      | Reached XP level 3. HP: 33/33 MP: 3/3
   529 | D:1      | Found a faded altar of an unknown god.
  1077 | D:2      | Reached XP level 4. HP: 38/40 MP: 4/4
  1460 | D:3      | Noticed Jessica
  1473 | D:3      | Killed Jessica
  1530 | D:3      | Found an opulent altar of Gozag.
  1617 | D:3      | Found a runed translucent door.
  1623 | D:3      | Noticed BONEBRO's ghost (amateur AtHW)
  1666 | D:3      | Noticed Ijyb
  1681 | D:3      | Killed from afar by Ijyb

Illustrated notes

Levels and vault maps discovered:
D:1:      minmay_arrival_doors, layout_loops_cross,
          hellmonk_ecumenical_altar_leap_of_faith
D:2:      layout_loops_ring, minmay_indecisive_spiral
D:3:      layout_basic, grunt_gozag_breadcrumbs,
          mainiacjoe_overflow_concentric_impassable, ebering_ghost_sewer_f,
          uniq_ijyb, uniq_sigmund, uniq_jessica

Skill      XL: |  1  2  3  4 |
---------------+-------------+-----
Axes           | 3 4 |  4.9
Fighting       | 4 |  4.5
Armour         | 4 |  4.1
Shields        | |  3.2

Action                     |  1- 3 |  4- 6 || total
---------------------------+-------+-------++-------
  Melee: War axe           |    94 |    47 ||   141
    Use: Potion            |       |     1 ||     1
 Armour: Scale mail        |    13 |       ||    13
         Chain mail        |    22 |    18 ||    40
  Dodge: Dodged            |    45 |    31 ||    76
  Block: Buckler           |    24 |     7 ||    31
